 Dungeon Sprint DCSS version bcrawl-1.20 (webtiles) character file.

Game seed: 1398152234371945715

15400196 Freyura the Skullcrusher (level 21, 224/224 HPs)
             Began as a Minotaur Fighter on Jan 19, 2020.
             Was the Champion of the Shining One.
             Escaped with the Orb
             ... and 5 runes!
             The game lasted 00:48:44 (10620 turns).

Freyura the Skullcrusher (Minotaur Fighter)        Turns: 10620, Time: 00:48:45

Health: 224/224    AC: 35    Str: 24    XL:     21   Next: 63%
Magic:  43/43      EV: 26    Int:  2    God:    the Shining One [******]
Gold:   801        SH: 29    Dex: 25    Spells: 59/59 levels left

rFire    + + +     SeeInvis +   q - +9 sacred scourge (holy)
rCold    + . .     Gourm    +   F - +1 large shield {rPois}
rNeg     + + +     Faith    .   C - +2 gold dragon scales
rPois    +         Spirit   .   (helmet restricted)
rElec    .         Reflect  .   B - +0 cloak "Juzxel" {rPois Dex+4 SInv}
rCorr    .         Harm     .   Z - +0 pair of gloves of Tinkuna {rPois rC- Dex+3}
MR       +....     NoTele   +   t - +0 pair of boots
Stlth    +.........             R - amulet "Ruicoez" {Gourm rPois rF+++ Int-3}
HPRegen  0.47/turn              A - +2 ring of slaying
MPRegen  0.28/turn              P - ring of Huehuol {rF+ rC+ Str+3}

@: glowing
A: retaliatory headbutt, horns 2, clumsy 1, deterioration 2
0: Orb of Zot
}: 5/17 runes: decaying, serpentine, barnacled, silver, gossamer
a: Divine Shield, Cleansing Flame, Summon Divine Warrior, Renounce Religion


You escaped.
You worshipped the Shining One.
The Shining One was exalted by your worship.
You were not hungry.

You visited 1 branch You collected 2001 gold pieces.
You spent 1200 gold pieces at shops.

Inventory:

Hand Weapons
 o - a +9 morningstar of protection
 q - a +9 sacred scourge of holy wrath (weapon)
Missiles
 w - 2 throwing nets (quivered) {!f}
Armour
 t - a +0 pair of boots (worn)
 B - the +0 cloak "Juzxel" (worn) {rPois Dex+4 SInv}
   (You found it in the Dungeon)

   It affects your dexterity (+4).
   It protects you from poison.
   It lets you see invisible.
 C - +2 gold dragon scales (worn)
 F - a +1 large shield of poison resistance (worn)
 Z - the +0 pair of gloves of Tinkuna (worn) {rPois rC- Dex+3}
   (You found it in the Dungeon)

   It affects your dexterity (+3).
   It makes you vulnerable to cold.
   It protects you from poison.
Jewellery
 x - a +4 ring of evasion
 y - a +2 ring of slaying
 z - a +4 ring of evasion
 A - a +2 ring of slaying (left hand)
 L - an uncursed ring of protection from magic
 P - the ring of Huehuol (right hand) {rF+ rC+ Str+3}
   (You found it in the Dungeon)

   [ring of protection from cold]

   It affects your strength (+3).
   It protects you from fire.
   It protects you from cold.
 R - the amulet "Ruicoez" (around neck) {Gourm rPois rF+++ Int-3}
   (You found it in the Dungeon)

   [amulet of the gourmand]

   It allows you to eat raw meat even when not hungry.
   It affects your intelligence (-3).
   It renders you almost immune to fire.
   It protects you from poison.
Wands
 n - a wand of iceblast (10)
 p - a wand of paralysis (8)
 s - a wand of acid (8)
 u - a wand of polymorph (21)
 J - a wand of digging (10)
Scrolls
 b - 3 scrolls of enchant weapon
 d - 5 scrolls of fear
 k - 4 scrolls of blinking
 l - 6 scrolls of remove curse
 m - 2 scrolls of amnesia
 D - a scroll of torment
 H - 2 scrolls of fog
 I - 2 scrolls of identify
Potions
 a - a potion of mutation
 c - 5 potions of brilliance
 f - 8 potions of curing
 g - 4 potions of heal wounds
 h - 8 potions of haste
 i - 5 potions of magic
 j - 3 potions of berserk rage
 r - a potion of might
 v - a potion of flight
 G - 2 potions of agility
Comestibles
 e - 6 rations {!d}


   Skills:
 O Level 27 Fighting
 O Level 27 Maces & Flails
 O Level 27 Armour
 O Level 27 Dodging
 O Level 27 Stealth
 O Level 27 Shields
 + Level 19.9 Spellcasting
 O Level 27 Invocations
 O Level 27 Evocations


You had 59 spell levels left.
You didn't know any spells.
Your spell library was empty.

Dungeon Overview and Level Annotations

Branches:
Dungeon (1/1)

Altars:
Cheibriados
Dithmenos
Elyvilon
Fedhas
Gozag
Hepliaklqana
Kikubaaqudgha
Lugonu
Makhleb
Nemelex Xobeh
Okawaru
Qazlal
Ru
Sif Muna
Trog
Uskayaw
Vehumet
Wu Jian
Xom
Yredelemnul
Zin
The Shining One
Beogh
Jiyva

Shops:
D !}([


Innate Abilities, Weirdness & Mutations

You reflexively headbutt those who attack you in melee.
You have a pair of horns on your head.
You are clumsy. (Dex -2)
Your body often deteriorates upon taking damage.


Message History

There is a sparkling altar of Nemelex Xobeh here.
There is a burning altar of Makhleb here.
There is a corrupted altar of Lugonu here.
There is an ancient bone altar of Kikubaaqudgha here.
There is a viscous altar of Jiyva here.
There is a hazy altar of Hepliaklqana here.
There is an opulent altar of Gozag here.
There is a blossoming altar of Fedhas here.
There is a white marble altar of Elyvilon here.
There is a shadowy altar of Dithmenos here.
There is a snail-covered altar of Cheibriados here.
There is a roughly hewn altar of Beogh here.
There is an open door to the Temple here.
There is an open door here.
Things that are here:
a +0 short sword; 4 stones
There is an open door to the Dungeon here.
You see here a +0 club.
There is a staircase leading out of the dungeon here.
You have escaped!

▓▓▓▓▓▓▓▓▓▓▓▓▓▓▓▓▓▓
'.....'....))...@▓
▓▓▓▓▓▓▓▓▓▓▓▓▓▓▓▓▓▓
.)...............▓
▓▓▓▓▓▓▓▓▓▓▓▓▓▓▓▓.▓
.(:).....'.......▓
▓▓▓▓▓▓▓▓▓▓▓▓▓▓▓▓▓▓
.................▓
▓▓▓▓▓▓▓▓▓▓▓▓▓▓▓▓.▓
)).).............▓


There were no monsters in sight!

Vanquished Creatures
  6 pandemonium lords (D)
  Mara (D)
  5 orbs of fire (D)
  Mennas (D)
  2 ancient liches (D)
  A Killer Klown (D)
  Sojobo (D)
  A caustic shrike (D)
  Jory (D)
  Nikola (D)
  2 bone dragons (D)
  4 Shadow Fiends (D)
  A Brimstone Fiend (D)
  An Orb Demon (D)
  6 electric golems (D)
  2 tentacled monstrosities (D)
  2 Ice Fiends (D)
  A lich (D)
  30 Orb Guardians (D)
  2 quicksilver dragons (D)
  A titan (D)
  A sphinx (D)
  Frances (D)
  An Executioner (D)
  Agnes (D)
  A death cob (D)
  7 shadow dragons (D)
  A thorn hunter (D)
  2 tengu reavers (D)
  A storm dragon (D)
  A draconian monk (D)
  Ilsuiw (D)
  8 nagarajas (D)
  3 frost giants (D)
  A vault warden (D)
  A balrug (D)
  3 draconian scorchers (D)
  Louise (D)
  3 ghost moths (D)
  2 draconian shifters (D)
  2 warmongers (D)
  5 emperor scorpions (D)
  A draconian stormcaller (D)
  A spriggan defender (D)
  2 draconian annihilators (D)
  4 reapers (D)
  An ironheart preserver (D)
  5 stone giants (D)
  A very ugly thing (D)
  A corrupter (D)
  5 purple draconians (D)
  2 entropy weavers (D)
  Nessos (D)
  5 green draconians (D)
  5 black draconians (D)
  A deep elf annihilator (D)
  2 red draconians (D)
  2 lorocyprocas (D)
  2 white draconians (D)
  2 yellow draconians (D)
  2 green deaths (D)
  An ettin (D)
  A merfolk javelineer (D)
  6 fire dragons (D)
  4 merfolk impalers (D)
  9 ogre magi (D)
  3 yaktaur captains (D)
  4 ice dragons (D)
  A naga warrior (D)
  25 vault guards (D)
  A great orb of eyes (shapeshifter) (D)
  A rakshasa (D)
  Psyche (D)
  3 hell beasts (D)
  A spriggan air mage (D)
  4 hydras (D)
  2 merfolk avatars (D)
  A death knight (D)
  2 centaur warriors (D)
  5 two-headed ogres (D)
  A deep troll earth mage (D)
  3 merfolk aquamancers (D)
  2 deep troll shamans (D)
  A tengu warrior (D)
  A naga sharpshooter (D)
  A deep troll (D)
  4 soul eaters (D)
  4 sun demons (D)
  6 hell knights (D)
  A sea snake (D)
  An unseen horror (D)
  A spriggan druid (D)
  A wizard (D)
  A death drake (D)
  An infernal demonspawn (D)
  8 swamp dragons (D)
  An ironbrand convoker (D)
  A swamp dragon (shapeshifter) (D)
  A cyclops (D)
  A harpy (D)
  3 necromancers (D)
  2 wolf spiders (D)
  An orc knight (D)
  A mana viper (D)
  3 ugly things (D)
  An orb spider (D)
  3 orc sorcerers (D)
  A manticore (D)
  14 moths of wrath (D)
  An elephant (D)
  4 vault sentinels (D)
  A rust devil (D)
  Maurice (D)
  A salamander (D)
  4 black mambas (D)
  A black mamba (shapeshifter) (D)
  4 naga magi (D)
  A smoke demon (D)
  An orange demon (D)
  8 cane toads (D)
  A hellion (D)
  A gargoyle (D)
  A komodo dragon (D)
  3 freezing wraiths (D)
  A tormentor (D)
  A rime drake (D)
  A yaktaur (shapeshifter) (D)
  2 demonic crawlers (D)
  2 yaktaurs (D)
  5 hellwings (D)
  An efreet (D)
  A meliai (shapeshifter) (D)
  4 red devils (D)
  5 jumping spiders (D)
  3 merfolk (D)
  2 tyrant leeches (D)
  A blink frog (D)
  A raiju (shapeshifter) (D)
  A hornet (D)
  2 slime creatures (D)
  A hippogriff (D)
  A spriggan (D)
  A yak (D)
  2 redbacks (D)
  A yak (shapeshifter) (D)
  A ynoxinul (D)
  2 golden eyes (D)
  2 chaos spawn (D)
  A neqoxec (D)
  A hungry ghost (D)
  An insubstantial wisp (D)
  3 wargs (D)
  2 nagas (D)
  A crocodile (D)
  An acid dragon (D)
  2 porcupines (D)
  4 hell hounds (D)
  11 orc warriors (D)
  A sky beast (shapeshifter) (D)
  2 swamp drakes (D)
  A black bear (D)
  5 ogres (D)
  2 wolves (D)
  A boggart (D)
  A centaur (D)
  A bullfrog (D)
  A scorpion (D)
  A killer bee (D)
  3 crimson imps (D)
  2 orc priests (D)
  An orc wizard (D)
  2 worker ants (D)
  An adder (D)
  An adder skeleton (D)
  11 orcs (D)
  A bat zombie (D)
  2 hobgoblins (D)
  A kobold (D)
  A ball python zombie (D)
  A frilled lizard (D)
  A leopard gecko simulacrum (D)
  A quokka zombie (D)
  A rat (D)
459 creatures vanquished.

Vanquished Creatures (collateral kills)
  A merfolk javelineer (D)
  2 merfolk impalers (D)
  A satyr (D)
  A merfolk (D)
5 creatures vanquished.

Vanquished Creatures (others)
  Xtahua (D)
  Margery (D)
  An ogre mage (D)
3 creatures vanquished.

Grand Total: 467 creatures vanquished

Notes
Turn   | Place    | Note
-------+----------+-------------------------------------------
     0 | D        | Freyura the Minotaur Fighter began the quest for the Orb.
     0 | D        | Reached XP level 1. HP: 19/19 MP: 0/0
     9 | D        | Reached skill level 1 in Dodging
    35 | D        | Noticed a worker ant
    35 | D        | Noticed a crimson imp
    35 | D        | Noticed a crimson imp
    35 | D        | Noticed a crimson imp
    35 | D        | Noticed a scorpion
    39 | D        | Killed a scorpion
    39 | D        | Reached skill level 5 in Fighting
    39 | D        | Reached skill level 5 in Maces & Flails
    39 | D        | Reached skill level 5 in Armour
    39 | D        | Reached skill level 5 in Shields
    39 | D        | Reached XP level 2. HP: 27/29 MP: 1/1
    39 | D        | Reached XP level 3. HP: 33/36 MP: 2/2
    46 | D        | Reached XP level 4. HP: 35/42 MP: 3/3
    55 | D        | Reached XP level 5. HP: 39/50 MP: 4/4
   115 | D        | Found a roughly hewn altar of Beogh.
   115 | D        | Found a snail-covered altar of Cheibriados.
   115 | D        | Found a shadowy altar of Dithmenos.
   115 | D        | Found a white marble altar of Elyvilon.
   115 | D        | Found a blossoming altar of Fedhas.
   115 | D        | Found an opulent altar of Gozag.
   116 | D        | Found a hazy altar of Hepliaklqana.
   117 | D        | Found a viscous altar of Jiyva.
   118 | D        | Found an ancient bone altar of Kikubaaqudgha.
   119 | D        | Found a corrupted altar of Lugonu.
   120 | D        | Found a burning altar of Makhleb.
   121 | D        | Found a sparkling altar of Nemelex Xobeh.
   122 | D        | Found an iron altar of Okawaru.
   123 | D        | Found a stormy altar of Qazlal.
   124 | D        | Found a sacrificial altar of Ru.
   125 | D        | Found a shimmering blue altar of Sif Muna.
   126 | D        | Found a bloodstained altar of Trog.
   127 | D        | Found a hide-covered altar of Uskayaw.
   128 | D        | Found a radiant altar of Vehumet.
   129 | D        | Found an ornate altar of the Wu Jian Council.
   130 | D        | Found a shimmering altar of Xom.
   131 | D        | Found a basalt altar of Yredelemnul.
   132 | D        | Found a glowing silver altar of Zin.
   133 | D        | Found a glowing golden altar of the Shining One.
   141 | D        | Became a worshipper of the Shining One
   181 | D        | Noticed a black bear
   181 | D        | Noticed a hungry ghost
   181 | D        | Noticed a golden eye
   181 | D        | Reached * piety under the Shining One
   181 | D        | Reached ** piety under the Shining One
   201 | D        | Noticed a sky beast
   201 | D        | a golden eye changed into a sky beast
   205 | D        | Killed a hungry ghost
   205 | D        | Reached skill level 5 in Dodging
   205 | D        | Reached XP level 6. HP: 59/60 MP: 4/6
   208 | D        | Killed a sky beast
   219 | D        | Reached skill level 10 in Maces & Flails
   306 | D        | Reached *** piety under the Shining One
   306 | D        | Noticed a two-headed ogre
   306 | D        | Noticed an orc warrior
   310 | D        | Killed an orc warrior
   310 | D        | Reached XP level 7. HP: 55/68 MP: 8/8
   315 | D        | Killed a two-headed ogre
   315 | D        | Reached skill level 5 in Invocations
   315 | D        | Reached XP level 8. HP: 64/78 MP: 8/11
   319 | D        | Reached **** piety under the Shining One
   488 | D        | Noticed a hippogriff
   488 | D        | Noticed a cane toad
   488 | D        | Noticed an eight-headed hydra
   488 | D        | Noticed a cane toad
   488 | D        | Noticed a cane toad
   490 | D        | Killed a cane toad
   490 | D        | Reached ***** piety under the Shining One
   494 | D        | Noticed a blink frog
   496 | D        | Killed an eight-headed hydra
   496 | D        | Reached skill level 10 in Fighting
   496 | D        | Reached skill level 10 in Armour
   496 | D        | Reached skill level 10 in Shields
   496 | D        | Reached XP level 9. HP: 59/86 MP: 12/12
   499 | D        | Killed a cane toad
   503 | D        | Noticed a komodo dragon
   504 | D        | Killed a cane toad
   519 | D        | Killed a komodo dragon
   706 | D        | Noticed a black mamba
   706 | D        | Noticed a cane toad
   706 | D        | Noticed an elephant
   706 | D        | Noticed a cane toad
   706 | D        | Noticed a rime drake
   708 | D        | Noticed a cane toad
   712 | D        | Killed a rime drake
   712 | D        | Reached skill level 10 in Dodging
   712 | D        | Reached XP level 10. HP: 95/96 MP: 10/15
   719 | D        | Killed a cane toad
   719 | D        | Reached skill level 15 in Maces & Flails
   729 | D        | Killed an elephant
   733 | D        | Killed a cane toad
   739 | D        | Killed a black mamba
   743 | D        | Killed a cane toad
   923 | D        | Reached ****** piety under the Shining One
   999 | D        | Noticed Psyche
  1009 | D        | Killed Psyche
  1107 | D        | Noticed Maurice
  1116 | D        | Killed Maurice
  1186 | D        | Reached XP level 11. HP: 91/105 MP: 14/17
  1245 | D        | Noticed an orc sorcerer
  1245 | D        | Noticed an orc sorcerer
  1249 | D        | Killed an orc sorcerer
  1252 | D        | Noticed an orc sorcerer
  1261 | D        | Killed an orc sorcerer
  1268 | D        | Killed an orc sorcerer
  1272 | D        | Reached skill level 10 in Invocations
  1318 | D        | Found Aplot's Armour Boutique.
  1318 | D        | Noticed a two-headed ogre
  1318 | D        | Noticed an ogre mage
  1318 | D        | Noticed a two-headed ogre
  1318 | D        | Noticed a two-headed ogre
  1323 | D        | Killed a two-headed ogre
  1323 | D        | Noticed an ogre mage
  1327 | D        | Killed a two-headed ogre
  1331 | D        | Killed an ogre mage
  1335 | D        | Killed a two-headed ogre
  1340 | D        | Killed an ogre mage
  1343 | D        | Found Fistoven's Weapon Shop.
  1352 | D        | Found Etwa's Gadget Boutique.
  1356 | D        | Found Xig Jan's Distillery.
  1358 | D        | Noticed an ogre mage
  1359 | D        | Noticed an ogre mage
  1361 | D        | Noticed an ogre mage
  1362 | D        | Noticed a two-headed ogre
  1367 | D        | Killed an ogre mage
  1372 | D        | Killed an ogre mage
  1378 | D        | Killed a two-headed ogre
  1379 | D        | Reached XP level 12. HP: 112/117 MP: 19/19
  1382 | D        | Killed an ogre mage
  1400 | D        | Bought a potion of experience for 600 gold pieces
  1400 | D        | Bought a potion of experience for 600 gold pieces
  1400 | D        | Reached skill level 1 in Evocations
  1400 | D        | Reached XP level 13. HP: 125/125 MP: 20/20
  1401 | D        | Reached XP level 14. HP: 133/133 MP: 21/21
  1507 | D        | Got the +8 dagger of the Desolation of Salt {pain, Int+3
                  | SInv}
  1516 | D        | Got the +0 ring mail of the Pirate {rElec Dex+4 Slay+5}
  1522 | D        | Got the +3 ring mail of Midsummer {*Slow rN+ MR++ rCorr}
  1604 | D        | Identified a +4 sacred scourge of holy wrath (a +2 demon
                  | whip of venom blessed by the Shining One)
  1604 | D        | Received a gift from the Shining One
  1675 | D        | Reached skill level 15 in Fighting
  1685 | D        | Reached skill level 15 in Armour
  1685 | D        | Reached skill level 15 in Shields
  1750 | D        | Noticed Frances
  1764 | D        | Killed Frances
  1891 | D        | Reached skill level 5 in Evocations
  2078 | D        | Noticed a ghost moth
  2079 | D        | Noticed an entropy weaver
  2084 | D        | Noticed a ghost moth
  2091 | D        | Killed a ghost moth
  2105 | D        | Killed an entropy weaver
  2111 | D        | Killed a ghost moth
  2259 | D        | Reached skill level 15 in Dodging
  2321 | D        | Noticed Agnes
  2334 | D        | Killed Agnes
  2416 | D        | Noticed a tengu reaver
  2416 | D        | Noticed a stone giant
  2421 | D        | Noticed a spriggan defender
  2429 | D        | Noticed a sphinx
  2431 | D        | Killed a stone giant
  2431 | D        | Reached XP level 15. HP: 146/146 MP: 21/24
  2442 | D        | Killed a tengu reaver
  2446 | D        | Noticed a titan
  2489 | D        | Killed a sphinx
  2509 | D        | Killed a titan
  2896 | D        | Noticed a frost giant
  2906 | D        | Killed a frost giant
  3153 | D        | Noticed a vault warden
  3177 | D        | Killed a vault warden
  3222 | D        | Reached skill level 15 in Invocations
  3222 | D        | Reached skill level 10 in Evocations
  3568 | D        | Noticed Nessos
  3574 | D        | Killed Nessos
  3587 | D        | Noticed Nikola
  3609 | D        | Killed Nikola
  3892 | D        | Got the +0 cloak "Juzxel" {rPois Dex+4 SInv}
  3996 | D        | Noticed Mara
  3997 | D        | Noticed Freyura's illusion
  4031 | D        | Noticed Freyura's illusion
  4064 | D        | Noticed Freyura's illusion
  4072 | D        | Killed Mara
  4094 | D        | Reached XP level 16. HP: 158/160 MP: 23/26
  4214 | D        | Got a gossamer rune of Zot
  4237 | D        | Noticed Ilsuiw
  4268 | D        | Killed Ilsuiw
  4355 | D        | Got a barnacled rune of Zot
  4668 | D        | Got a serpentine rune of Zot
  4718 | D        | Noticed a thorn hunter
  4729 | D        | Reached skill level 27 in Maces & Flails
  4743 | D        | Killed a thorn hunter
  4793 | D        | Got a decaying rune of Zot
  4838 | D        | Noticed Mennas
  4940 | D        | Killed Mennas
  5243 | D        | Noticed Xtahua
  5261 | D        | HP: 5/167 [Xtahua (13)]
  5262 | D        | The Shining One protects you from harm!
  5263 | D        | The Shining One protects you from harm!
  5263 | D        | Killed Xtahua
  5263 | D        | Reached XP level 17. HP: 27/174 MP: 26/29
  5773 | D        | Reached skill level 15 in Evocations
  6001 | D        | Noticed an ancient lich
  6022 | D        | Noticed a quicksilver dragon
  6033 | D        | Killed an ancient lich
  6079 | D        | Killed a quicksilver dragon
  6084 | D        | Got a silver rune of Zot
  6085 | D        | Identified the +10 long sword of Filicweo {drain, Int+4
                  | Dex+4}
  6228 | D        | Noticed Louise
  6242 | D        | Killed Louise
  6260 | D        | Noticed Margery
  6273 | D        | Killed Margery
  6299 | D        | Reached XP level 18. HP: 191/191 MP: 31/31
  6302 | D        | Noticed Jory
  6321 | D        | Killed Jory
  6371 | D        | Got the ring of the Imp {rF++ Dex-3 Slay+3}
  6373 | D        | Got the amulet "Saunoof" {Faith +Inv rF+++ rC+ rN+ Dex-4}
  6375 | D        | Got the ring of Huehuol {rF+ rC+ Str+3}
  6377 | D        | Got the ring "Edghoq" {*Corrode MR+ MP+9 Str+9 Int+2 Dex+2}
  6379 | D        | Got the amulet "Ruicoez" {Gourm rPois rF+++ Int-3}
  6385 | D        | Got the +5 broad axe of Mewoqynk {drain, rC+ Str+2 Dex+4}
  6387 | D        | Got the +5 broad axe "Dragonslayer" {chop, rPois rC+}
  6389 | D        | Got the +5 demon blade of the Depths {freeze, *Rage *Drain
                  | MR+++ Int+5}
  6391 | D        | Got the +5 lajatang of Wounding {slice, Dex+4 SInv}
  6393 | D        | Got the +5 triple sword "Ogreslayer" {slice, MR+++ Str-5
                  | Int+2}
  6395 | D        | Got the +5 great mace "Vauqior" {elec, rC+ MR+ Str+3}
  6397 | D        | Got the +5 double sword "Minotaur's Bane" {pain, rC- Str+4
                  | SInv}
  6406 | D        | Got the +0 pair of gloves of Tinkuna {rPois rC- Dex+3}
  6555 | D        | Noticed Sojobo
  6569 | D        | Paralysed by Sojobo for 4 turns
  6581 | D        | Killed Sojobo
  6690 | D        | Noticed a caustic shrike
  6715 | D        | Killed a caustic shrike
  6767 | D        | Noticed a bone dragon
  6767 | D        | Noticed a bone dragon
  6778 | D        | Killed a bone dragon
  6789 | D        | Killed a bone dragon
  6879 | D        | Noticed a tentacled monstrosity
  6884 | D        | Killed a tentacled monstrosity
  6921 | D        | Noticed an Orb Demon
  6953 | D        | Killed an Orb Demon
  6958 | D        | Noticed an electric golem
  7002 | D        | Killed an electric golem
  7123 | D        | Noticed an orb of fire
  7134 | D        | Gained mutation: Your body sometimes deteriorates upon
                  | taking damage. [an orb of fire]
  7136 | D        | Killed an orb of fire
  7136 | D        | Reached XP level 19. HP: 203/206 MP: 30/33
  7146 | D        | Reached skill level 27 in Fighting
  7146 | D        | Reached skill level 27 in Shields
  7152 | D        | Reached skill level 27 in Armour
  7646 | D        | Reached skill level 27 in Dodging
  7726 | D        | Noticed an ancient lich
  7729 | D        | Killed an ancient lich
  7740 | D        | Noticed an orb of fire
  7753 | D        | Killed an orb of fire
  7753 | D        | Reached skill level 27 in Invocations
  7770 | D        | Noticed an electric golem
  7776 | D        | Killed an electric golem
  7830 | D        | Noticed a Killer Klown
  7830 | D        | Noticed an electric golem
  7830 | D        | Noticed an orb of fire
  7834 | D        | Gained mutation: Your body often deteriorates upon taking
                  | damage. [an orb of fire]
  7842 | D        | Gained mutation: You are clumsy. (Dex -2) [an orb of fire]
  7845 | D        | Killed an orb of fire
  7851 | D        | Lost intelligence.
  7858 | D        | Killed an electric golem
  7874 | D        | Killed a Killer Klown
  7874 | D        | Reached skill level 10 in Stealth
  7883 | D        | Reached XP level 20. HP: 167/216 MP: 36/36
  8019 | D        | Noticed an orb of fire
  8021 | D        | Gained mutation: You are robust. (+10% HP) [an orb of fire]
  8031 | D        | Killed an orb of fire
  8235 | D        | Noticed an orb of fire
  8238 | D        | Lost mutation: You are robust. (+10% HP) [an orb of fire]
  8250 | D        | Killed an orb of fire
  8250 | D        | Reached skill level 27 in Evocations
  8339 | D        | Got the Orb of Zot
  8444 | D        | Noticed Nieppoh the pandemonium lord
  8457 | D        | Killed Nieppoh the pandemonium lord
  8576 | D        | Noticed Xuoves the pandemonium lord
  8590 | D        | Killed Xuoves the pandemonium lord
  8620 | D        | Noticed Ubram the pandemonium lord
  8634 | D        | Killed Ubram the pandemonium lord
  8683 | D        | Reached skill level 27 in Stealth
  8965 | D        | Reached XP level 21. HP: 224/224 MP: 37/37
  9205 | D        | Reached skill level 10 in Spellcasting
  9952 | D        | Noticed Ziqeus the pandemonium lord
  9961 | D        | Killed Ziqeus the pandemonium lord
  9961 | D        | Reached skill level 15 in Spellcasting
 10111 | D        | Noticed Exicoula the pandemonium lord
 10139 | D        | Killed Exicoula the pandemonium lord
 10319 | D        | Noticed Ejaateun the pandemonium lord
 10328 | D        | Killed Ejaateun the pandemonium lord
 10620 | D        | Escaped with the Orb!

Skill      XL: |  1  2  3  4  5  6  7  8  9 10 11 12 13 14 15 16 17 18 19 20 21 |
---------------+----------------------------------------------------------------+-----
Maces & Flails | 5 6 7 9 10 12 13 14 16 18 19 22 25 27 | 27.0
Dodging        | 2 3 4 5 6 7 8 10 11 12 13 15 17 19 22 25 27 | 27.0
Fighting       | 5 6 7 8 9 10 11 12 14 16 19 21 24 26 27 | 27.0
Armour         | 5 6 7 8 9 10 11 12 14 16 19 21 24 26 27 | 27.0
Shields        | 5 6 7 8 9 10 11 12 14 16 19 21 24 26 27 | 27.0
Invocations    | 2 3 5 6 8 9 11 13 15 18 20 23 27 | 27.0
Evocations     | 1 7 11 14 17 19 25 27 | 27.0
Stealth        | 11 27 | 27.0
Spellcasting   | 6 19 | 19.9

Action                   |  1- 3 |  4- 6 |  7- 9 | 10-12 | 13-15 | 16-18 | 19-21 || total
-------------------------+-------+-------+-------+-------+-------+-------+-------++-------
Melee: Flail             |    22 |    15 |       |       |       |       |       ||    37
       Headbutt          |     2 |     7 |     9 |    36 |   129 |   309 |   198 ||   690
       Morningstar       |       |    17 |    45 |   186 |       |    78 |       ||   326
       Sacred scourge    |       |       |       |       |   555 |   917 |   599 ||  2071
Invok: Divine Shield     |       |       |     1 |     5 |    11 |    14 |     8 ||    39
       Summon Divine War |       |       |       |       |     1 |       |       ||     1
       Brand Weapon With |       |       |       |       |     1 |       |       ||     1
Evoke: Wand              |       |       |       |       |       |     1 |       ||     1
  Use: Potion            |       |     1 |       |     1 |     8 |     5 |     1 ||    16
       Scroll            |       |       |     2 |       |    13 |       |       ||    15
  Eat: Ration            |       |     1 |       |       |       |     3 |     2 ||     6
       Chunk             |       |     1 |     1 |     3 |     8 |     9 |     2 ||    24
Armor: Scale mail        |     7 |     8 |       |       |       |       |       ||    15
       Chain mail        |       |    32 |    16 |    10 |       |       |       ||    58
       Plate armour      |       |       |       |     5 |       |       |       ||     5
       Gold dragon scale |       |       |       |       |    72 |   147 |    57 ||   276
Dodge: Dodged            |     8 |    29 |    19 |    18 |    57 |   145 |    85 ||   361
Block: Shield            |    11 |     7 |    24 |    95 |       |       |       ||   137
       Large shield      |       |       |       |       |   432 |   835 |   384 ||  1651
